 Dungeon Crawl Stone Soup version 0.24-a0-284-g9fb9971 (webtiles) character file.

Game seed: 17587814953637651096

50 Anon1729 the Ducker (level 3, -4/29 HPs)
             Began as a Vampire Monk on May 5, 2019.
             Slain by a howler monkey (5 damage)
             ... on level 2 of the Dungeon.
             The game lasted 00:00:58 (901 turns).

Anon1729 the Ducker (Vampire Monk)                   Turns: 901, Time: 00:00:58

Health: -4/29      AC:  2    Str: 10    XL:     3   Next: 55%
Magic:  3/3        EV: 14    Int: 12    God:
Gold:   80         SH:  0    Dex: 17    Spells: 2/2 levels left

rFire    . . .     SeeInvis +   a - +0 falchion
rCold    . . .     Gourm    .   (no shield)
rNeg     + . .     Faith    .   b - +0 robe
rPois    .         Spirit   .   (no helmet)
rElec    .         Reflect  .   (no cloak)
rCorr    .         Harm     .   (no gloves)
MR       .....                  (no boots)
Stlth    +++.......             (no amulet)
HPRegen  0.09/turn              (no ring)
MPRegen  0.08/turn              (no ring)

@: no status effects
A: fangs 3, see invisible, unbreathing
a: Bat Form


You were on level 2 of the Dungeon.
You were not thirsty.

You visited 1 branch of the dungeon, and saw 2 of its levels.

You collected 80 gold pieces.

Inventory:

Hand Weapons
 a - a +0 falchion (weapon)
Armour
 b - a +0 robe (worn)
Scrolls
 d - 4 scrolls of remove curse {unknown}
 e - a scroll of identify {unknown}
 f - a scroll of immolation {unknown}
 h - a scroll of teleportation {unknown}
Potions
 c - 18 potions of blood
 g - 2 potions of resistance {unknown}


   Skills:
 + Level 3.0 Fighting
 * Level 3.5 Long Blades
 * Level 3.9 Dodging
 + Level 3.7 Stealth


You had 2 spell levels left.
You didn't know any spells.
Your spell library was empty.

Dungeon Overview and Level Annotations

Branches:
Dungeon (2/15)

Altars:
Makhleb


Innate Abilities, Weirdness & Mutations

You have razor-sharp teeth.
You have supernaturally acute eyesight. (SInv)
You can survive without breathing.


Message History

The howler monkey hits you.
* * * LOW HITPOINT WARNING * * *
You hit the howler monkey but do no damage.
The howler monkey is severely wounded.
The howler monkey closely misses you. The howler monkey barely misses you.
You hit the howler monkey. You bite the howler monkey.
The howler monkey is almost dead.
The howler monkey hoots and howls with incredible vigour!
You hit the howler monkey but do no damage.
The howler monkey is almost dead.
The howler monkey misses you.
You barely miss the howler monkey.
The howler monkey is almost dead.
The howler monkey hits you!
* * * LOW HITPOINT WARNING * * *
The howler monkey barely misses you.
You closely miss the howler monkey.
The howler monkey is almost dead.
The howler monkey hits you.
You die...

#..........#.#.#.##.##.#
#.##########.#.#....##.#
#.# #.#.#######.#
#.##########.#.# #####.#
#............#.# #.....#
##############.# #.#####
#..w#.# #.# #h#.# #.#
#.@.###.# ###.....#
#####.# ###


You could see a worm and a howler monkey.

Vanquished Creatures
  An adder (D:2)
  An ooze (D:2)
  A dart slug (D:1)
  A ball python (D:2)
  9 goblins
  5 hobgoblins (D:1)
  5 kobolds (D:1)
  4 bats (D:1)
  A frilled lizard (D:1)
  2 rats
30 creatures vanquished.

Notes
Turn   | Place    | Note
-------+----------+-------------------------------------------
     0 | D:1      | Anon1729 the Vampire Monk began the quest for the Orb.
     0 | D:1      | Reached XP level 1. HP: 17/17 MP: 1/1
    83 | D:1      | Reached XP level 2. HP: 17/23 MP: 2/2
   333 | D:1      | Reached XP level 3. HP: 26/28 MP: 3/3
   809 | D:2      | Found a burning altar of Makhleb.
   809 | D:2      | Noticed a green death
   900 | D:2      | HP: 1/29 [howler monkey (7)]
   901 | D:2      | Slain by a howler monkey

Levels and vault maps discovered:
D:1:      lemuel_arrival_rhombus, layout_rooms
D:2:      minmay_chambers_of_ones, layout_basic, makhleb_altar_promises_db,
          dk_yredelemnul_ordeal

Skill      XL: |  1  2  3 |
---------------+----------+-----
Fighting       | 3 |  3.0
Long Blades    | |  3.5
Dodging        | |  3.9
Stealth        | |  3.7

Action                   || total
-------------------------++-------
Melee: Falchion          ||    88
       Bite              ||    13
 Stab: Sleeping          ||     8
Armor: Robe              ||    15
Dodge: Dodged            ||    56
       Rpst.: Falchion   ||    18

Table legend:
 A = Non-vault XP
 B = Vault XP
 C = Vault XP percentage of total XP
 D = Non-vault monster count
 E = Vault monster count
 F = Vault count percentage of total count
                 A         B        C        D         E       F
            +---------+---------+-------+---------+---------+-------
      Total |      72 |       0 |   0.0 |      30 |       0 |   0.0
            +---------+---------+-------+---------+---------+-------
        D:1 |      47 |       0 |   0.0 |      25 |       0 |   0.0
        D:2 |      25 |       0 |   0.0 |       5 |       0 |   0.0
            +---------+---------+-------+---------+---------+-------
